 Dungeon Crawl Stone Soup version 0.22-a0-166-g5351223 (webtiles) character file.

74832 Amnesiac the Thaumaturge (level 15, -13/108 HPs)
             Began as a Mummy Earth Elementalist on Feb 13, 2018.
             Was a High Priest of Ashenzari.
             Hit by a large rock thrown by a stone giant (33 damage)
             ... on level 1 of the Depths.
             The game lasted 01:30:39 (35296 turns).

Amnesiac the Thaumaturge (MuEE)                    Turns: 35296, Time: 01:30:40

Health: -13/108    AC: 11    Str: 11    XL:     15   Next: 7%
Magic:  7/29       EV: 15    Int: 20    God:    Ashenzari [*****.]
Gold:   1997       SH: 12    Dex: 14    Spells: 6/34 levels left

rFire    + . .     SeeInvis +   C - -1 short sword (curse)
rCold    + + .     Gourm    .   M - +0 shield (curse)
rNeg     + + +     Faith    +   l - +2 leather armour {MR+}
rPois    ∞         Spirit   .   g - +0 helmet
rElec    .         Reflect  .   v - scarf {rC+ rF+}
rCorr    .         Harm     .   B - +0 pair of gloves
MR       ++...     Clarity  +   (no boots)
Stlth    ++++......             m - amulet of faith (curse)
HPRegen  0.28/turn              x - ring of protection from fire (curse)
MPRegen  0.21/turn              y - +4 ring of protection

@: no status effects
A: no food or potions, fire vulnerability, cold resistance 1, negative energy
resistance 3, torment resistance, unbreathing, in touch with death 1
a: Curse Item, Scrying, Transfer Knowledge, Renounce Religion


You were on level 1 of the Depths.
You worshipped Ashenzari.
Ashenzari was extremely pleased with you.
You were not hungry.

You visited 5 branches of the dungeon, and saw 20 of its levels.
You also visited: Sewer and Ice Cave.

You collected 2165 gold pieces.
You spent 168 gold pieces at shops.

Inventory:

Hand Weapons
 h - a +4 blowgun
 C - a cursed -1 short sword (weapon)
 K - a +0 dagger of speed
 O - a +4 short sword of venom
Missiles
 a - 278 arrows (quivered)
 f - 35 stones
 u - 56 poisoned needles
Armour
 d - a +2 robe of fire resistance
 g - a +0 helmet (worn)
 i - a +0 buckler
 l - a +2 leather armour of magic resistance (worn)
 v - a scarf of resistance (worn)
 B - a +0 pair of gloves (worn)
 M - a cursed +0 shield (worn)
Jewellery
 m - a cursed amulet of faith (around neck)
 x - a cursed ring of protection from fire (left hand)
 y - a +4 ring of protection (right hand)
 A - an uncursed amulet of guardian spirit
 E - an uncursed amulet of the acrobat
Wands
 n - a wand of enslavement (23)
 t - a wand of disintegration (5)
 w - a wand of flame (35)
 z - a wand of random effects (65)
 F - a wand of digging (14)
 G - a wand of clouds (4)
 H - a wand of iceblast (22)
Scrolls
 b - 4 scrolls of teleportation {!r}
 c - a scroll of blinking {!r}
 e - a scroll of fog {!r}
 j - 2 scrolls of identify {!r}
 k - 3 scrolls of remove curse {!r}
 o - 3 scrolls of magic mapping {!r}
 p - 3 scrolls of enchant weapon {!r}
 r - a scroll of torment {!r}
 s - 5 scrolls of enchant armour {!r}
 D - 2 scrolls of amnesia {!r}
 I - 2 scrolls of vulnerability {!r}
Miscellaneous
 q - a lightning rod (4/4)


   Skills:
 - Level 7.0 Fighting
 - Level 8.0(12.0) Short Blades
 - Level 7.5 Dodging
 - Level 8.0 Stealth
 + Level 9.7(12.2) Shields
 - Level 10.0 Spellcasting
 - Level 2.0(4.0) Conjurations
 - Level 10.0(12.4) Transmutations
 - Level 10.0(12.5) Earth Magic


You had 6 spell levels left.
You knew the following spells:

 Your Spells              Type           Power        Failure   Level  Hunger
a - Stone Arrow           Conj/Erth      #####.       1%          3    N/A
b - Passwall              Tmut/Erth      ######....   1%          2    N/A
c - Sandblast             Erth           ######       1%          1    N/A
d - Lee's Rapid Deconstr  Erth           ######....   2%          5    N/A
e - Petrify               Tmut/Erth      ######..     1%          4    N/A
f - Animate Skeleton      Necr           N/A          12%         1    N/A
g - Call Imp              Summ           ##......     17%         2    N/A
s - Conjure Flame         Conj/Fire      ###.....     16%         3    N/A
v - Blink                 Tloc           N/A          17%         2    N/A
w - Mephitic Cloud        Conj/Pois/Air  ###.....     21%         3    N/A
z - Sticks to Snakes      Tmut           ######..     1%          2    N/A

Dungeon Overview and Level Annotations

Branches:
Dungeon (15/15)            Temple (1/1) D:4            Lair (0/6) D:10
    Orc (2/2) D:11            Elf (1/3) Orc:2        Vaults (0/5) D:13
 Depths (1/5) D:15

Altars:
Ashenzari
Cheibriados
Dithmenos
Elyvilon
Fedhas
Gozag
Hepliaklqana
Kikubaaqudgha
Makhleb
Okawaru
Ru
Sif Muna
Trog
Uskayaw
Vehumet
Xom
Zin
The Shining One
Beogh

Shops:
D:10 =   D:11 :   Orc:2 [:[*

Annotations:
Depths:1 exclusion: door


Innate Abilities, Weirdness & Mutations

You do not eat or drink.
Your flesh is vulnerable to fire.
You are immune to poison.
Your flesh is cold resistant. (rC+)
You are immune to negative energy. (rN+++)
You are immune to unholy pain and torment.
You can survive without breathing.
You are in touch with the powers of death.


Message History

A stone giant is nearby!
Casting: Lee's Rapid Deconstruction (safe; 2% risk of failure)
Confirm with . or Enter, or press ? or * to list all spells.
Aiming: Petrify (safe; 1% risk of failure)
Press: ? - help, Shift-Dir - straight line, f - stone giant
Aim: a stone giant (chance to defeat MR: 25%)
The stone giant resists with almost no effort.
The stone giant throws a large rock.
The large rock hits you!!
Unknown command.
Casting: Petrify (safe; 1% risk of failure)
Confirm with . or Enter, or press ? or * to list all spells.
Aiming: Petrify (safe; 1% risk of failure)
Press: ? - help, Shift-Dir - straight line, f/p - stone giant
Aim: a stone giant (chance to defeat MR: 25%)
The stone giant resists with almost no effort.
The stone giant throws a large rock.
The large rock hits you but does no damage.
A boggart comes into view.
Unknown command.
Casting: Petrify (safe; 1% risk of failure)
Confirm with . or Enter, or press ? or * to list all spells.
Aiming: Petrify (safe; 1% risk of failure)
Press: ? - help, Shift-Dir - straight line, f/p - stone giant
Aim: a stone giant (chance to defeat MR: 25%)
The stone giant resists with almost no effort.
The stone giant throws a large rock.
The large rock hits you!!
* * * LOW HITPOINT WARNING * * *
Unknown command.
A boggart comes into view.
The boggart mumbles some strange words.
You hear a shout!
Really read
e - 2 scrolls of fog {!r}?
As you read the scroll of fog {!r}, it crumbles to dust.
The scroll dissolves into smoke.
Really read
b - 5 scrolls of teleportation {!r}?
As you read the scroll of teleportation {!r}, it crumbles to dust.
You feel strangely unstable.
You puncture the boggart!
The boggart is moderately wounded.
You hit the boggart but do no damage.
The boggart is moderately wounded.
You block the boggart's attack.
You miss the boggart.
The boggart is moderately wounded.
You hit the boggart.
The boggart is severely wounded.
You block the boggart's attack.
You hit the boggart.
The boggart is severely wounded.
The stone giant throws a large rock.
The large rock hits you!!
* * * LOW HITPOINT WARNING * * *
The boggart hits you but does no damage.
You barely miss the boggart.
The boggart is severely wounded.
Your surroundings suddenly seem different.
You start resting.
You sense a monster nearby.
You start resting.
A stone giant comes into view.
A stone giant is nearby!
You start resting.
Found a +0 flail.
The stone giant throws a large rock.
The large rock hits you!!
You die...

, ,* ,* ,*
#.#.#* * *
,* * #.#.# *
,, ,,, ..#.#
, * , *
#...* ,* *
#..# *, *
#.###..# ,
#......# *
#####@.# * ,
, #......#
,,*
,#C###..# *
* #.# #..# *
, ,#C# #..#
* ,
,,,,...,.).#
** *
*####C...#
,* ,* ..###
, ,,, ,** ,
∩##


You could see a stone giant.

Vanquished Creatures
  2 frost giants
  A very ugly thing (D:15)
  Nessos (D:13)
  Josephine (Orc:2)
  An ice dragon (Depths:1)
  A death knight (D:15)
  3 hydras
  2 centaur warriors
  4 vault guards (D:13)
  A catoblepas (D:13)
  A deep troll shaman (Depths:1)
  6 two-headed ogres
  6 orc high priests
  An iron troll (D:15)
  4 unseen horrors
  3 skeletal warriors (D:15)
  4 wizards (D:15)
  8 orc knights
  4 deep elf magi
  A necromancer (D:15)
  2 wolf spider zombies (D:15)
  2 orc sorcerers (Orc:2)
  6 ugly things
  A salamander (shapeshifter) (D:13)
  2 cyclopes
  3 manticores
  Maurice (D:8)
  An ice statue (IceCv)
  2 gargoyles
  7 centaur skeletons
  A naga mage (D:15)
  3 kobold demonologists
  A redback zombie (D:15)
  A freezing wraith (D:15)
  2 ice devils (Orc:1)
  A komodo dragon (D:13)
  13 polar bears (IceCv)
  3 meliai (D:14)
  8 trolls
  A slime creature (D:13)
  Grinder (D:5)
  7 hippogriffs
  A wyvern (D:9)
  2 centaur simulacra (D:15)
  18 yaks
  2 shadows
  5 wraiths
  3 water elementals (D:14)
  4 vampire mosquitoes
  A warg (Orc:1)
  A water moccasin (D:10)
  4 porcupines (D:10)
  37 orc warriors
  2 ice beasts
  An eye of draining (D:14)
  14 wolves (IceCv)
  7 ogres
  3 black bears
  A boggart (Depths:1)
  A phantom (D:10)
  A necrophage (D:8)
  3 sky beasts
  8 centaurs
  3 crocodiles (D:10)
  4 big kobolds
  6 bullfrogs
  A wyvern zombie (D:10)
  A wyvern skeleton (D:11)
  10 killer bees
  7 scorpions
  5 wights
  7 electric eels
  7 crimson imps
  6 centaur zombies
  3 howler monkeys (D:14)
  2 bullfrog zombies
  A lava snake (D:13)
  5 jellies
  26 orc priests
  5 hounds
  2 gnoll shamans
  4 bullfrog skeletons
  3 iguanas
  Ijyb (D:3)
  14 orc wizards
  Natasha (thrice) (D:2)
  7 worker ants
  A hound zombie (D:2)
  Robin (D:1)
  A mummy (D:7)
  2 worker ant zombies
  A howler monkey skeleton (D:6)
  12 adders
  10 gnolls
  4 shadow imps
  12 oozes
  An adder skeleton (D:6)
  5 worms
  4 dart slugs
  3 leopard geckos
  82 orcs
  7 giant cockroaches
  14 goblins
  9 hobgoblins
  17 jackals
  3 quokkas
  A ball python (D:2)
  10 bats
  2 frilled lizards (D:2)
  21 kobolds
  A leopard gecko skeleton (D:7)
  2 quokka skeletons (D:4)
  6 rats
608 creatures vanquished.

Vanquished Creatures (collateral kills)
  The ghost of varam the Brawler, an adept TrWr of Okawaru (D:15)
  4 very ugly things (D:15)
  A stone giant (D:15)
  A wizard (D:15)
  A phantasmal warrior (D:15)
  A jumping spider (shapeshifter) (D:14)
  2 vampire mosquitoes (D:15)
  2 centaurs (D:14)
  A giant cockroach (D:4)
  A frilled lizard (D:4)
15 creatures vanquished.

Vanquished Creatures (others)
  A scorpion (D:4)
  A bush (D:6)
  28 fungi (D:10)
  22 plants
52 creatures vanquished.

Grand Total: 675 creatures vanquished

Notes
Turn   | Place    | Note
-------+----------+-------------------------------------------
     0 | D:1      | Amnesiac the Mummy Earth Elementalist began the quest for the Orb.
     0 | D:1      | Reached XP level 1. HP: 13/13 MP: 4/4
     3 | D:1      | Noticed an electric eel
     3 | D:1      | Noticed an electric eel
   407 | D:3      | Found a faded altar of an unknown god.
   417 | D:3      | Reached XP level 2. HP: 15/19 MP: 0/6
   487 | D:3      | Learned a level 2 spell: Passwall
   542 | D:4      | Reached skill level 1 in Transmutations
   578 | D:4      | Reached XP level 3. HP: 6/24 MP: 2/7
   607 | D:4      | HP: 1/24 [adder (2)]
   837 | D:4      | Reached XP level 4. HP: 19/30 MP: 2/8
   847 | D:4      | Learned a level 4 spell: Petrify
   970 | D:4      | Found a glowing drain.
   978 | D:4      | Found a staircase to the Ecumenical Temple.
  1057 | Temple   | Entered the Ecumenical Temple
  1122 | Temple   | Became a worshipper of Ashenzari the Shackled
  1189 | Sewer    | Entered a sewer
  1919 | Sewer    | Reached XP level 5. HP: 22/35 MP: 3/9
  1985 | Sewer    | Learned a level 3 spell: Stone Arrow
  2508 | D:3      | Noticed Ijyb
  3161 | D:2      | Noticed Robin
  3175 | D:1      | Killed Robin
  3587 | D:2      | Reached XP level 6. HP: 39/41 MP: 9/11
  3630 | D:2      | Noticed Natasha
  3636 | D:2      | Killed Natasha
  3738 | D:2      | Noticed Natasha
  3746 | D:2      | Killed Natasha
  3754 | D:2      | Noticed Natasha
  3756 | D:2      | Killed Natasha
  3978 | D:3      | Found a burning altar of Makhleb.
  4023 | D:3      | Killed Ijyb
  4120 | D:3      | Reached * piety under Ashenzari
  4304 | D:3      | Reached skill level 1 in Shields
  4563 | D:4      | Found a shadowy altar of Dithmenos.
  4675 | D:5      | Entered Level 5 of the Dungeon
  4946 | D:5      | Noticed Grinder
  4961 | D:5      | Killed Grinder
  4961 | D:5      | Reached XP level 7. HP: 38/46 MP: 1/13
  5912 | D:6      | Found a shadowy altar of Dithmenos.
  6144 | D:6      | Reached skill level 1 in Short Blades
  6162 | D:6      | Found a deep blue altar of Sif Muna.
  6216 | D:6      | Found a glowing golden altar of the Shining One.
  6526 | D:6      | Found a glowing silver altar of Zin.
  6693 | D:6      | Reached XP level 8. HP: 50/52 MP: 2/14
  7073 | D:7      | Found a snail-covered altar of Cheibriados.
  7405 | D:6      | Learned a level 5 spell: Lee's Rapid Deconstruction
  7789 | D:7      | Reached ** piety under Ashenzari
  8213 | D:7      | Noticed a hippogriff
  8228 | D:7      | Killed a hippogriff
  8228 | D:7      | Reached skill level 5 in Spellcasting
  8228 | D:7      | Reached skill level 5 in Transmutations
  8228 | D:7      | Reached skill level 5 in Earth Magic
  8803 | D:8      | Reached skill level 5 in Shields
  9164 | D:8      | Reached XP level 9. HP: 58/58 MP: 12/16
  9177 | D:8      | Noticed Maurice
  9199 | D:8      | Killed Maurice
  9199 | D:8      | Reached skill level 1 in Fighting
  9664 | D:9      | Reached *** piety under Ashenzari
  9765 | D:9      | Found a shimmering altar of Xom.
 10925 | D:9      | Reached XP level 10. HP: 67/67 MP: 2/19
 11098 | D:9      | Found an opulent altar of Gozag.
 12373 | D:9      | Found a shimmering altar of Xom.
 12549 | D:9      | Found an opulent altar of Gozag.
 13412 | D:10     | Entered Level 10 of the Dungeon
 13450 | D:10     | Learned a level 2 spell: Blink
 13454 | D:10     | Learned a level 3 spell: Mephitic Cloud
 13643 | D:10     | Noticed a two-headed ogre
 13657 | D:10     | Killed a two-headed ogre
 13846 | D:10     | Found a staircase to the Lair.
 13942 | D:10     | Identified the cursed +0 long sword "Rickifo" {freeze, MR+ Dex+2}
 14033 | D:10     | Reached XP level 11. HP: 72/72 MP: 15/23
 14113 | D:10     | Found Orchur's Jewellery Shop.
 14138 | D:10     | Noticed a two-headed ogre
 14155 | D:10     | Killed a two-headed ogre
 14536 | D:11     | Found Siuqaaw's Book Emporium.
 14721 | D:11     | Noticed a green ugly thing
 14777 | D:11     | Killed a white ugly thing
 14892 | D:11     | Noticed a two-headed ogre
 14897 | D:11     | Killed a two-headed ogre
 15098 | D:11     | Found a staircase to the Orcish Mines.
 15280 | D:11     | Reached **** piety under Ashenzari
 16408 | D:12     | Noticed an unseen horror
 16415 | D:12     | Killed an unseen horror
 16474 | D:12     | Noticed a four-headed hydra
 16481 | D:12     | Noticed a two-headed ogre
 16675 | D:13     | Noticed an unseen horror
 16680 | D:13     | Killed an unseen horror
 16709 | D:13     | Noticed a centaur warrior
 16744 | D:13     | Noticed Nessos
 16753 | D:13     | Learned a level 3 spell: Conjure Flame
 17000 | D:13     | Noticed an eight-headed hydra
 17015 | D:13     | Killed an eight-headed hydra
 17338 | D:13     | Found a glowing silver altar of Zin.
 17431 | D:13     | Noticed a deep elf mage
 17574 | D:13     | Killed a deep elf mage
 17574 | D:13     | Reached skill level 10 in Spellcasting
 17574 | D:13     | Reached skill level 10 in Transmutations
 17574 | D:13     | Reached skill level 10 in Earth Magic
 17574 | D:13     | Reached XP level 12. HP: 78/78 MP: 17/26
 17599 | D:13     | Learned a level 2 spell: Sticks to Snakes
 17602 | D:13     | Learned a level 2 spell: Call Imp
 17789 | D:13     | Killed a centaur warrior
 18329 | D:12     | Killed a four-headed hydra
 18627 | D:12     | Killed a two-headed ogre
 18627 | D:12     | Reached skill level 5 in Short Blades
 18774 | Orc:1    | Entered Level 1 of the Orcish Mines
 18847 | Orc:1    | Found a frozen archway.
 18850 | IceCv    | Entered an ice cave
 19043 | IceCv    | Reached ***** piety under Ashenzari
 19222 | IceCv    | Reached skill level 5 in Stealth
 19776 | IceCv    | Noticed a frost giant
 20346 | IceCv    | Killed a frost giant
 20461 | IceCv    | Identified the +8 halberd of Eneck {holy, rPois Int+6}
 20776 | Orc:1    | Gained mutation: You are in touch with the powers of death. [Mummy growth]
 20776 | Orc:1    | Reached XP level 13. HP: 83/83 MP: 6/27
 21795 | Orc:1    | Found a roughly hewn altar of Beogh.
 22319 | Orc:2    | Entered Level 2 of the Orcish Mines
 22338 | Orc:2    | Found a staircase to the Elven Halls.
 24251 | Orc:2    | Noticed Josephine
 24676 | Orc:2    | Reached skill level 5 in Fighting
 25326 | Orc:2    | Killed Josephine
 25326 | Orc:2    | Reached skill level 1 in Conjurations
 25433 | Orc:2    | Found Louro's General Store.
 25433 | Orc:2    | Found Qeufye's Antique Armour Emporium.
 25434 | Orc:2    | Found Vihikkuque's Book Shoppe.
 25434 | Orc:2    | Found Ukkamiept's Armour Emporium.
 25584 | Orc:2    | Bought a fine leather armour for 168 gold pieces
 25588 | Orc:2    | Identified the cursed +0 leather armour of Huzoymn {rN+ rCorr SInv} (You bought it in a shop on level 2 of the Orcish Mines)
 27326 | D:14     | Reached skill level 5 in Dodging
 27533 | D:13     | Killed Nessos
 27533 | D:13     | Reached XP level 14. HP: 99/101 MP: 24/28
 27621 | D:13     | Found a gate to the Vaults.
 29618 | D:15     | Entered Level 15 of the Dungeon
 30455 | D:15     | Found a staircase to the Depths.
 30577 | D:15     | Noticed varam's ghost (adept TrWr)
 33237 | Elf:1    | Entered Level 1 of the Elven Halls
 33747 | D:15     | Killed varam's ghost
 34343 | Depths:1 | Entered Level 1 of the Depths
 34343 | Depths:1 | Noticed a white very ugly thing
 34343 | Depths:1 | Noticed a white very ugly thing
 34343 | Depths:1 | Noticed a white very ugly thing
 34343 | Depths:1 | Noticed a white very ugly thing
 34343 | Depths:1 | Noticed a white very ugly thing
 34343 | Depths:1 | Noticed a stone giant
 34380 | D:15     | Killed a white very ugly thing
 34385 | D:15     | Killed a stone giant
 34637 | D:15     | Killed a white very ugly thing
 34643 | D:15     | Killed a brown very ugly thing
 34656 | D:15     | Killed a brown very ugly thing
 34813 | D:15     | Killed a green very ugly thing
 34965 | Depths:1 | Reached XP level 15. HP: 108/108 MP: 21/29
 34982 | Depths:1 | Learned a level 1 spell: Animate Skeleton
 35199 | Depths:1 | Noticed an azure jelly
 35201 | Depths:1 | Noticed an azure jelly
 35202 | Depths:1 | Identified the ring "Horahos" {rC+ Str-2 Slay+1 SInv}
 35202 | Depths:1 | Noticed an acid blob
 35202 | Depths:1 | Noticed an acid blob
 35205 | Depths:1 | Noticed an azure jelly
 35231 | Depths:1 | Noticed a frost giant
 35254 | Depths:1 | Killed a frost giant
 35296 | Depths:1 | Hit by a large rock thrown by a stone giant

Vault maps used:
D:1:      arrival_aquarium_b
D:2:      first_ration, dk_vineyard_3, uniq_robin, uniq_natasha
D:3:      old_standard_altar, chequers_ecumenical_altar_simple_redux, uniq_ijyb
D:4:      minmay_temple_entry_overgrown, gup_sewer_entry_glass,
          nicolae_dithmenos_through_a_glass_darkly
D:5:      uniq_grinder
D:6:      old_standard_altar, tso_oasis_becter, zin_scriptorium,
          kb_lookout_dungeons_type, serial_bayou_pond_a, led_sif_book
D:7:      slow_altar_1
D:8:      uniq_maurice
D:9:      tgw_xom, grunt_gozag_breadcrumbs
D:10:     due_lair_maze_entry_diamond, serial_shops, shop
D:11:     david_orc_2, serial_shops, shop_fountains
D:13:     lightli_vaults_fourway_checkpoint, basic_altar,
          hangedman_little_slice_of_home, uniq_nessos
D:14:     serial_bayou_lake_a
D:15:     grunt_enter_depths_magical_seal, minmay_misc_feat_more_columns
Temple:   regret_index_temple_generic_petals
Orc:1:    portal_ice_cave_demonic_guard, kennysheep_orc_chapel
Orc:2:    st_orc_pillars, uniq_josephine
Elf:1:    evilmike_minifort, hangedman_summoners_spam, minmay_shop_star
Depths:1: nrook_mini_backslash, hell_entry, rand_demon_pan_entry_5,
          minmay_misc_feat_cross, minmay_acid_items
Sewer:    sewer_fruit_machine
IceCv:    ice_cave_small_giant

Skill      XL: |  1  2  3  4  5  6  7  8  9 10 11 12 13 14 |
---------------+-------------------------------------------+-----
Spellcasting   | 3 4 5 6 8 10 | 10.0
Earth Magic    | 3 4 5 7 8 10 | 10.0
Transmutations | 2 3 4 5 6 8 10 | 10.0
Shields        | 3 4 5 9 |  9.7
Short Blades   | 2 6 8 |  8.0
Stealth        | 2 7 8 |  8.0
Fighting       | 2 6 7 |  7.0
Dodging        | 5 7 |  7.5
Conjurations   | 2 |  2.0

Action                   |  1- 3 |  4- 6 |  7- 9 | 10-12 | 13-15 || total
-------------------------+-------+-------+-------+-------+-------++-------
Melee: Unarmed           |    10 |       |       |       |       ||    10
       Mace              |    12 |   172 |       |       |       ||   184
       Dagger            |       |   154 |   105 |       |       ||   259
       Short sword       |       |       |   265 |   620 |   692 ||  1577
 Cast: Sandblast         |    25 |    71 |    44 |   207 |    41 ||   388
       Petrify           |       |     4 |    57 |   105 |   242 ||   408
       Passwall          |       |     3 |     8 |     9 |    28 ||    48
       Lee's Rapid Decon |       |       |    13 |    37 |   113 ||   163
       Stone Arrow       |       |       |       |       |    25 ||    25
       Sticks to Snakes  |       |       |       |       |    59 ||    59
       Conjure Flame     |       |       |       |       |     1 ||     1
       Mephitic Cloud    |       |       |       |       |     9 ||     9
       Blink             |       |       |       |       |     2 ||     2
Invok: Curse Item        |       |       |     2 |       |     1 ||     3
Evoke: Wand              |       |     1 |       |     9 |       ||    10
       Lightning rod     |       |       |       |     4 |     1 ||     5
  Use: Scroll            |       |     7 |     3 |    10 |     8 ||    28
 Stab: Petrified         |       |    24 |   160 |   265 |   209 ||   658
       Sleeping          |       |     3 |     4 |     3 |    11 ||    21
       Petrifying        |       |       |    10 |    44 |    53 ||   107
       Distracted        |       |       |       |       |     4 ||     4
       Confused          |       |       |       |       |     3 ||     3
Armor: Robe              |     9 |    94 |       |       |       ||   103
       Leather armour    |       |   115 |   101 |   177 |   120 ||   513
Dodge: Dodged            |    20 |   364 |   144 |   245 |   287 ||  1060
Block: Buckler           |       |     4 |    64 |   141 |   129 ||   338
       Shield            |       |       |       |       |    22 ||    22

Table legend:
 A = Spawn XP
 B = Non-spawn XP
 C = Spawn XP percentage of total XP
 D = Spawn monster count
 E = Non-spawn monster count
 F = Spawn count percentage of total count
 G = Total turns spent on level
                    A         B        C        D         E        F      G
               +---------+---------+-------+---------+---------+-------+---------
         Total |       0 |  106903 |   0.0 |       0 |     623 |   0.0 | 35296
               +---------+---------+-------+---------+---------+-------+---------
           D:1 |       0 |     167 |   0.0 |       0 |      25 |   0.0 |  1220
           D:2 |       0 |     199 |   0.0 |       0 |      31 |   0.0 |  1183
           D:3 |       0 |     127 |   0.0 |       0 |      15 |   0.0 |   866
           D:4 |       0 |     124 |   0.0 |       0 |      19 |   0.0 |  1027
           D:5 |       0 |     603 |   0.0 |       0 |       9 |   0.0 |  1288
           D:6 |       0 |     489 |   0.0 |       0 |      16 |   0.0 |  1742
           D:7 |       0 |     749 |   0.0 |       0 |      22 |   0.0 |  1212
           D:8 |       0 |    2195 |   0.0 |       0 |      14 |   0.0 |  2342
           D:9 |       0 |    2729 |   0.0 |       0 |      29 |   0.0 |  1992
          D:10 |       0 |    4723 |   0.0 |       0 |      52 |   0.0 |  1119
          D:11 |       0 |    3717 |   0.0 |       0 |      27 |   0.0 |  1643
          D:12 |       0 |    6576 |   0.0 |       0 |      39 |   0.0 |  1981
          D:13 |       0 |   15357 |   0.0 |       0 |      42 |   0.0 |  2223
          D:14 |       0 |   10387 |   0.0 |       0 |      48 |   0.0 |  1881
          D:15 |       0 |   23426 |   0.0 |       0 |      41 |   0.0 |  4803
         Orc:1 |       0 |    6107 |   0.0 |       0 |      39 |   0.0 |  2357
         Orc:2 |       0 |   16329 |   0.0 |       0 |      91 |   0.0 |  3088
      Depths:1 |       0 |    3697 |   0.0 |       0 |       4 |   0.0 |   207
         Sewer |       0 |     104 |   0.0 |       0 |      24 |   0.0 |  1213
         IceCv |       0 |    9098 |   0.0 |       0 |      36 |   0.0 |  1794
               +---------+---------+-------+---------+---------+-------+---------
